Selects Australian Defense Battlegroup
Selects Australian Light Infantry Section
Australian Light Infantry Section
Australian Light Infantry Section
Construct Section Command Post
Construct Field Infirmary
Selects Defensive Tactics
Australian Light Infantry Section
Construct Platoon Command Post
Selects CMP 15cwt Supply Run
Unlock M3 Stuart Light Tanks
Unlock Bishop Self-propelled Artillery
Selects Reinforced Resource Caches
Selects Charged Creeping Barrage
Bishop Self-propelled Artillery
Construct Company Command Post
Unlock Towed 17-pounder Anti-tank Guns
Selects Vehicle Over Repair